Map: 蓝移-天梯版

Players

IIIIIIIII

  • Race: Terran Terran

电脑难度(新手) - Winner!

  • Race: Protoss Protoss

VOD

Have the link to the VOD?

Description

Time

  • Played on: Dec. 23, 2018, 8:15 p.m.
  • Length: 4:05
Show
View Real Time Build Order
Export as new Build Order

IIIIIIIII Terran 

Build Orders:  

Get SALT Encoding   

  12  0:01  SCV  
  13  0:13  SCV  
  14  0:18  Supply Depot  
  14  0:25  SCV  
  15  0:40  SCV  
  16  0:43  Barracks  
  16  0:47  Refinery  
  16  0:57  SCV  
  17  1:09  SCV  
  18  1:21  SCV  
  19  1:35  Orbital Command  
  20  1:50  Marine  
  20  1:54  Factory  
  20  1:59  Bunker  
  20  2:01  SCV  
  20  2:03  Supply Depot  
  20  2:08  Marine  
  21  2:13  SCV  
  23  2:27  Marine  
  24  2:30  SCV  
  25  2:38  Factory Tech Lab  
  25  2:39  Command Center  
  25  2:47  Marine  
  25  2:48  Supply Depot  
  25  2:50  SCV  
  30  2:58  Siege Tank  
  30  3:09  SCV  
  30  3:11  Reaper, Refinery  
  31  3:42  Supply Depot  
  34  3:49  SCV  
  35  4:01  Command Center  
Show
View Real Time Build Order
Export as new Build Order

电脑难度(新手) Protoss - Winner!

Build Orders: 1 Gate Expand, Nexus First 

Get SALT Encoding   

  12  0:00  Probe  
  13  0:13  Probe  
  14  0:20  Pylon  
  14  0:43  Gateway  
  14  1:00  Nexus  
  14  1:19  Pylon  
  14  1:21  Zealot  
  14  1:24  Assimilator  
  16  1:36  Cybernetics Core  
  16  1:38  Probe  
  17  1:50  Probe  
  18  2:00  Probe, Assimilator  
  19  2:08  Probe  
  19  2:12  Stalker  
  19  2:15  Probe  
  23  2:24  Probe  
  23  2:28  Probe  
  25  2:40  Probe  
  26  2:46  Pylon  
  26  2:47  Probe  
  27  2:54  Probe  
  28  2:59  Probe  
  29  3:08  Probe  
  29  3:10  Robotics Facility  
  29  3:26  Assimilator  
  29  3:29  Probe, Zealot  
  32  3:36  Probe  
  33  3:43  Probe  
  34  3:50  Probe  
  35  3:57  Assimilator  
Tags
 
Add a new tag
Caveats
  • Supply blocks, unpowered buildings, or Contaminate may cause inaccurate times.
  • Supply counts are checked every 10 seconds.